 Dungeon Crawl Stone Soup version 0.30-a0-1018-g25214051b3 (webtiles) character file.

Game seed: 8155723171180384236

83 holysushi the Chopper (level 4, 0/39 HPs)
             Began as a Hill Orc Monk on Apr 8, 2023.
             Slain by a cerulean imp
             ... wielding a +0 spear
             ... summoned by Natasha
              (2 damage)
             ... on level 2 of the Dungeon.
             The game lasted 00:01:37 (1068 turns).

holysushi the Chopper (Hill Orc Monk)               Turns: 1068, Time: 00:01:37

Health: 0/39       AC: 10    Str: 15    XL:     4   Next: 44%
Magic:  4/4        EV:  9    Int: 10    God:
Gold:   82         SH:  0    Dex: 13    Spells: 3/3 levels left

rFire   x . .      SeeInvis .    a - +0 hand axe
rCold   + + .      Faith    .    (no shield)
rNeg    . . .      Spirit   .    f - +0 ice dragon scales
rPois   .          Reflect  .    (no helmet)
rElec   .          Rampage  .    (no cloak)
rCorr   .                        (no gloves)
Will    .....                    e - +0 pair of boots Stlth
                                 (no amulet)
HPRegen 0.26/turn                (no ring)
MPRegen 0.09/turn                (no ring)

@: slowed, very slow
A: no striking features
a: no special abilities


You were on level 2 of the Dungeon.
You visited 1 branch of the dungeon, and saw 2 of its levels.

You collected 82 gold pieces.

Inventory:

Hand Weapons
 a - a +0 hand axe (weapon)
Armour
 b - a +0 robe
 e - a +0 pair of boots (worn)
 f - +0 ice dragon scales (worn)
Jewellery
 i - an amulet of magic regeneration
Scrolls
 g - 4 scrolls of identify {unknown}
Potions
 c - a potion of ambrosia
 d - a potion of curing {unknown}
 h - a potion of might {unknown}
 j - a potion of heal wounds {unknown}


   Skills:
 - Level 3.6 Fighting
 + Level 6.8 Axes
 - Level 2.4 Dodging
 - Level 1.5 Stealth


You had 3 spell levels left.
You didn't know any spells.
Your spell library contained the following spells:

 Spells                   Type           Power      Damage    Failure   Level
 Gell's Gravitas          Tloc           0%         N/A       99%         3
 Teleport Other           Tloc           0%         N/A       99%         3
 Dispersal                Tloc           0%         N/A       100%        6


Dungeon Overview and Level Annotations

Branches:
Dungeon (2/15) Zot: 10912

Altars:

Annotations:
D:2 Natasha


Message History

You hit the kobold.
You kill the kobold!
Natasha closely misses you.
The cerulean imp hits you but does no damage.
You barely miss Natasha.
Natasha is heavily wounded.
Natasha claws you.
The cerulean imp hits you from afar with a +2 spear of freezing.
Natasha claws you.
The cerulean imp hits you from afar with a +2 spear of freezing.
You are too injured to fight recklessly!
You hit Natasha but do no damage.
Natasha is heavily wounded.
Natasha mumbles some strange words.
The cerulean imp hits you but does no damage.
Press: ? - help, v - describe, . - travel
Here: a cerulean imp, wielding a +2 spear of freezing (summoned)
The floor.
You miss Natasha.
Natasha is heavily wounded.
Natasha mumbles some strange words.
The cerulean imp hits you from afar with a +2 spear of freezing.
The cerulean imp freezes you.
* * * LOW HITPOINT WARNING * * *
Natasha casts a spell at you. You resist with some effort.
The cerulean imp hits you from afar with a +2 spear of freezing.
* * * LOW HITPOINT WARNING * * *
You hit Natasha.
Natasha is severely wounded.
The cerulean imp barely misses you. Natasha barely misses you.
The cerulean imp barely misses you.
The cerulean imp hits you from afar with a +0 spear.
* * * LOW HITPOINT WARNING * * *
You hit Natasha but do no damage.
Natasha is severely wounded.
Natasha claws you.
* * * LOW HITPOINT WARNING * * *
The cerulean imp hits you from afar with a +0 spear.
You die...

#...........#.#..## #.......#
#.#########.#.#...###.......# #.#
#.#.#'#...........# #.#
#.#......##..##+##### #.#
#.#......###.##.#...
#.#########.#......###....#.#
#.#......##.#......#........#
.........##.#.#'####.####..######
#.#.........#...@)5..# #........
#.#.........#....h......#......##
..#.###.....#....55..##.#......#
###.###.....#........# #......#
##.....####)#........##.#......##
##.....# #.#........##.#........
##.....# #.#.#.#######.#.......#
#...#### #.#.#. #.#........ #.###
#.# #.#.......#


You could see Natasha and 3 cerulean imps.

Vanquished Creatures
  Jessica (D:2)
  Natasha (D:2)
  A dart slug (D:1)
  3 endoplasms (D:1)
  A giant cockroach (D:1)
  5 goblins (D:1)
  A quokka (D:1)
  4 ball pythons
  3 bats (D:1)
  5 frilled lizards
  5 kobolds
  4 rats
  A spectral hobgoblin (D:1)
35 creatures vanquished.

Notes
Turn   | Place    | Note
-------+----------+-------------------------------------------
     0 | D:1      | holysushi the Hill Orc Monk began the quest for the Orb.
     0 | D:1      | Reached XP level 1. HP: 19/19 MP: 1/1
   127 | D:1      | Reached XP level 2. HP: 26/26 MP: 2/2
   161 | D:1      | Found a faded altar of an unknown god.
   265 | D:1      | Reached skill level 5 in Axes
   438 | D:1      | Reached XP level 3. HP: 31/31 MP: 3/3
   721 | D:2      | Noticed Natasha
   727 | D:2      | Killed Natasha
   728 | D:2      | Reached skill level 6 in Axes
   993 | D:2      | Noticed Jessica
   999 | D:2      | Killed Jessica
  1000 | D:2      | Reached XP level 4. HP: 31/39 MP: 4/4
  1054 | D:2      | Noticed Natasha
  1068 | D:2      | Slain by a cerulean imp

Illustrated notes

Levels and vault maps discovered:
D:1:      dpeg_arrival_connections, layout_rooms,
          dreamdust_ecumenical_altar_drowned_temple
D:2:      layout_basic, basic_altar, uniq_jessica, uniq_natasha

Skill      XL: |  1  2  3 |
---------------+----------+-----
Axes           | 5 6 |  6.8
Fighting       | |  3.6
Dodging        | |  2.4
Stealth        | |  1.5

Action                     |  1- 3 |  4- 6 || total
---------------------------+-------+-------++-------
  Melee: Hand axe          |    82 |    11 ||    93
         Punch             |     1 |       ||     1
 Armour: Ice dragon scales |    48 |     7 ||    55
  Dodge: Dodged            |    50 |     5 ||    55

Table legend: (Time is in decaauts)
 A = Elapsed time spent in this place.
 B = Non-inter-level travel time spent in this place.
 C = Inter-level travel time spent in this place.
 D = Time resting spent in this place.
 E = Time spent auto-exploring this place.
 F = Levels seen in this place.
 G = Mean time per level.
                   A        B        C        D        E       F      G
               +--------+--------+--------+--------+--------+-----+--------+
         Total |   1086 |   1037 |     49 |     44 |    708 |   2 |  543.0 |
       Dungeon |   1086 |   1037 |     49 |     44 |    708 |   2 |  543.0 |
               +--------+--------+--------+--------+--------+-----+--------+

Top non-repeatable levels by time:
     D:1: 628 daAuts
     D:2: 458 daAuts
